Map: Nephor I

Players

Pookie

  • Race: Protoss Protoss
  • League: Gold
  • Spawn Location: 1:00

Luckyzergin

  • Race: Zerg Zerg
  • Spawn Location: 12:00

dRaGoNrIdDeR

  • Race: Terran Terran
  • League: Silver
  • Spawn Location: 1:00

Manta - Winner!

  • Race: Zerg Zerg
  • League: Silver
  • Spawn Location: 7:00

Njwboom - Winner!

  • Race: Protoss Protoss
  • League: Diamond
  • Spawn Location: 6:00

Dallinger - Winner!

  • Race: Terran Terran
  • League: Diamond
  • Spawn Location: 7:00

VOD

Have the link to the VOD?

Description

Time

  • Played on: Feb. 19, 2016, 11:59 p.m.
  • Length: 11:00
Show
View Real Time Build Order
Export as new Build Order

Pookie Protoss 

Build Orders: Oracle Opening 

Get SALT Encoding   

  12  0:01  Probe (Chrono Boost)  
  13  0:12  Probe (Chrono Boost)  
  14  0:19  Pylon  
  14  0:23  Probe (Chrono Boost)  
  15  0:37  Probe (Chrono Boost)  
  16  0:46  Gateway  
  16  0:47  Probe (Chrono Boost)  
  17  0:58  Assimilator, Probe (Chrono Boost)  
  18  1:08  Probe (Chrono Boost)  
  19  1:17  Assimilator  
  19  1:19  Probe (Chrono Boost)  
  20  1:30  Probe (Chrono Boost)  
  21  1:33  Cybernetics Core  
  21  1:40  Probe (Chrono Boost)  
  21  1:43  Pylon  
  22  1:51  Probe (Chrono Boost)  
  23  2:02  Probe (Chrono Boost)  
  24  2:10  Stargate  
  24  2:25  Probe (Chrono Boost)  
  25  2:35  Probe (Chrono Boost)  
  25  2:36  Warp Gate  
  26  2:47  Nexus  
  26  2:51  Pylon  
  26  2:53  Oracle (Chrono Boost)  
  29  3:16  Pylon  
  29  3:26  Oracle (Chrono Boost)  
  31  4:07  Phoenix (Chrono Boost)  
  33  4:29  Phoenix (Chrono Boost)  
  32  4:50  Phoenix (Chrono Boost)  
  34  5:01  Probe  
  34  5:02  Probe  
  36  5:11  Probe  
  36  5:12  Stargate, Phoenix (Chrono Boost)  
  39  5:14  Probe  
  39  5:21  Assimilator  
  40  5:22  Probe  
  40  5:24  Assimilator  
  40  5:26  Probe  
  42  5:34  Phoenix (Chrono Boost)  
  44  5:38  Probe  
  43  6:12  Void Ray (Chrono Boost)  
  51  6:22  Void Ray (Chrono Boost)  
  45  6:51  Probe  
  45  6:52  Probe  
  41  7:01  Probe  
  41  7:04  Probe  
  37  7:09  Pylon  
  37  7:12  Oracle (Chrono Boost), Nexus  
  37  7:13  Nexus  
  41  7:16  Probe  
  42  7:28  Probe  
  42  7:29  Void Ray (Chrono Boost)  
  44  7:59  Probe  
  45  8:25  Void Ray (Chrono Boost)  
  49  8:30  Nexus  
  49  8:33  Probe  
  49  8:34  Probe  
  49  8:40  Pylon  
  49  8:41  Pylon  
  51  8:43  Pylon  
  51  8:44  Probe  
  51  8:45  Pylon  
  51  8:46  Probe  
  51  8:47  Pylon  
  53  8:54  Probe  
  53  8:59  Probe  
  55  9:05  Void Ray (Chrono Boost), Probe  
  64  9:10  Void Ray (Chrono Boost)  
  64  9:11  Probe  
  64  9:13  Assimilator  
  64  9:15  Probe  
  65  9:17  Assimilator  
  65  9:26  Probe  
  66  9:32  Mothership Core  
  66  9:37  Probe  
  68  9:42  Void Ray (Chrono Boost)  
  72  9:47  Probe  
Show
View Real Time Build Order
Export as new Build Order

Luckyzergin Zerg 

Build Orders: Hatch First 

Get SALT Encoding   

  12  0:03  Drone  
  13  0:12  Overlord  
  13  0:18  Drone  
  14  0:32  Drone x2  
  16  0:51  Hatchery  
  16  0:52  Drone  
  16  1:10  Spawning Pool  
  15  1:13  Drone x2  
  17  1:38  Overlord  
  17  1:39  Drone  
  18  1:40  Drone  
  18  1:44  Extractor  
  18  1:49  Drone  
  19  2:00  Zergling x2  
  20  2:03  Zergling x2  
  20  2:07  Queen  
  20  2:08  Queen  
  25  2:29  Drone x4  
  29  2:36  Extractor  
  28  2:42  Roach Warren  
  27  3:04  Drone  
  28  3:09  Drone  
  28  3:10  Drone x4  
  33  3:23  Lair  
  33  3:24  Metabolic Boost  
  33  3:28  Overlord x3  
  33  3:45  Overlord x2  
  33  3:50  Drone x3  
  33  3:51  Drone  
  37  4:08  Roach x3  
  37  4:09  Roach  
  45  4:19  Zergling x2  
  45  4:20  Zergling x2  
  47  4:32  Zergling x8  
  51  4:43  Drone x2, Extractor  
  51  4:45  Extractor  
  43  5:41  Roach x4  
  43  5:42  Roach x6  
  63  5:43  Overlord  
  63  5:49  Spore Crawler  
  62  5:50  Spore Crawler  
  61  6:06  Hatchery  
  60  6:11  Roach  
  60  6:12  Roach x3  
  62  6:22  Roach  
  62  6:23  Roach x4  
  48  6:59  Roach  
  48  7:00  Roach x5  
  56  7:19  Roach x2  
  58  7:36  Roach x4  
  60  7:42  Overseer  
  52  8:16  Drone  
  52  8:17  Drone x2  
  55  8:23  Roach x3  
  61  8:30  Hatchery x2  
  59  8:55  Roach  
  61  8:57  Overlord x2  
  45  10:40  Overlord x2  
Show
View Real Time Build Order
Export as new Build Order

dRaGoNrIdDeR Terran 

Build Orders: MMM Bio 

Get SALT Encoding   

  12  0:01  SCV  
  13  0:13  SCV  
  14  0:23  Supply Depot  
  14  0:25  SCV  
  15  0:34  Refinery  
  15  0:45  Barracks  
  15  0:50  SCV  
  16  0:58  Supply Depot  
  16  1:02  SCV  
  17  1:15  Barracks  
  17  1:21  SCV  
  18  1:32  Barracks Tech Lab  
  18  1:39  SCV  
  19  1:50  Marauder  
  19  1:51  Concussive Shells  
  19  1:54  Orbital Command  
  21  2:01  Barracks Tech Lab  
  21  2:12  Marauder  
  23  2:19  Supply Depot  
  23  2:21  Marauder  
  25  2:24  SCV  
  26  2:35  Marauder  
  28  2:45  Marauder  
  30  2:53  SCV  
  31  3:07  Command Center  
  33  3:20  Marauder x2  
  33  3:24  SCV  
  36  3:36  SCV  
  37  3:47  Marauder  
  39  3:59  Engineering Bay  
  39  4:04  Barracks x2  
  39  4:06  Supply Depot  
  39  4:18  SCV  
  39  4:19  Marauder  
  42  4:30  SCV  
  43  4:43  SCV  
  32  5:17  SCV  
  32  5:20  Orbital Command  
  29  5:26  Barracks Reactor  
  29  5:27  Barracks Reactor  
  29  5:29  SCV  
  29  5:31  Terran Infantry Weapons Level 1  
  30  5:39  Marauder x2  
  30  5:41  SCV  
  35  5:47  Stimpack  
  35  5:52  Supply Depot  
  35  5:55  Factory  
  35  5:58  Barracks  
  35  5:59  Barracks  
  21  6:46  Marauder x2, Marine x4  
  29  6:52  Bunker  
  29  6:58  SCV x2  
  31  7:04  Barracks Tech Lab x2, Marine x4  
  31  7:07  Marauder, Marine  
  38  7:10  SCV x2  
  39  7:21  Marine  
  39  7:22  Marine x3, SCV x2  
  40  7:25  Marine  
  40  7:28  Missile Turret, Marine  
  41  7:34  Missile Turret, SCV x2  
  43  7:39  Marine x2  
  43  7:40  Marine x2  
  43  7:41  Marauder x2  
  43  7:43  Marauder  
  53  7:47  Marauder  
  53  7:49  Missile Turret  
  55  7:57  Marine x3  
  55  7:58  Marine  
  58  8:02  Marine  
  58  8:03  Marauder  
  58  8:04  Marauder  
  63  8:08  Marauder  
  63  8:12  Refinery  
  65  8:15  Marine x4  
  69  8:20  Marine  
  69  8:24  Marine  
  46  8:42  Marine  
  46  8:43  Marine x7  
  54  8:59  SCV  
  54  9:00  Marine x2, SCV  
  54  9:01  Marine x6  
  64  9:11  Combat Shields  
  64  9:12  SCV x2  
  66  9:17  Starport  
  66  9:18  Marine x2  
  66  9:20  Marine x2  
  70  9:29  Supply Depot  
  70  9:48  Command Center, Marine  
  70  9:49  Marine x4  
  70  9:50  Marine x3  
  65  10:06  Marauder, Marine  
  65  10:07  Marine x2  
  68  10:08  Marauder  
  72  10:21  Medivac  
Show
View Real Time Build Order
Export as new Build Order

Manta Zerg - Winner!

Build Orders: 3 Hatch before Pool 

Get SALT Encoding   

  12  0:04  Drone  
  13  0:23  Drone  
  14  0:46  Hatchery  
  13  0:50  Drone  
  14  1:13  Overlord  
  14  1:17  Hatchery  
  13  1:20  Drone  
  14  1:59  Drone x3  
  14  2:00  Drone  
  18  2:05  Spawning Pool  
  18  2:06  Extractor  
  16  2:20  Drone x2  
  16  2:22  Drone  
  19  2:23  Overlord  
  19  2:29  Extractor  
  18  2:34  Drone x3  
  22  2:44  Drone x3  
  24  2:55  Drone x3  
  27  3:03  Extractor  
  27  3:04  Drone x2  
  27  3:05  Drone, Extractor  
  28  3:13  Drone  
  28  3:14  Drone  
  28  3:16  Drone  
  31  3:25  Drone  
  31  3:26  Drone x2  
  34  3:30  Lair  
  34  3:33  Drone  
  35  3:37  Drone x2  
  30  4:00  Spore Crawler  
  30  4:01  Spore Crawler  
  28  4:03  Drone x2  
  28  4:04  Drone x4  
  34  4:10  Drone x2  
  34  4:13  Drone  
  32  4:37  Zergling x12  
  38  4:43  Drone  
  38  4:45  Drone x2  
  41  4:48  Metabolic Boost  
  41  4:52  Overlord  
  41  4:53  Overlord  
  27  5:19  Zergling x2  
  27  5:21  Drone x6  
  34  5:39  Drone x5  
  39  5:51  Drone, Spire  
  39  5:54  Drone x3  
  39  5:55  Queen  
  44  6:06  Spore Crawler  
  43  6:12  Drone  
  43  6:13  Drone x2  
  43  6:14  Drone x2  
  43  6:16  Drone  
  43  6:17  Overlord  
  49  6:18  Overlord  
  49  6:28  Overlord  
  49  6:35  Queen  
  49  6:39  Queen  
  51  6:42  Drone x3  
  51  6:43  Drone x2  
  58  7:01  Drone  
  58  7:02  Drone x5  
  64  7:09  Mutalisk x2  
  64  7:14  Overlord x2  
  64  7:15  Overlord x2  
  68  7:22  Extractor  
  67  7:24  Extractor  
  66  7:32  Drone x4  
  66  7:33  Drone  
  66  7:35  Mutalisk  
  73  8:05  Drone x2  
  73  8:06  Drone  
  76  8:15  Mutalisk x10  
  76  8:16  Mutalisk  
  98  8:24  Mutalisk  
  98  8:25  Mutalisk x2  
  104  8:28  Overlord x5  
  104  8:34  Zerg Flyer Armor Level 1  
  104  8:57  Hatchery  
  104  9:00  Queen  
  105  9:03  Hatchery  
  105  9:04  Queen  
  105  9:07  Mutalisk x4  
  105  9:08  Mutalisk x4  
  122  9:56  Mutalisk x7  
  122  9:57  Mutalisk  
  134  10:21  Mutalisk x3  
  134  10:22  Mutalisk  
Show
View Real Time Build Order
Export as new Build Order

Njwboom Protoss - Winner!

Build Orders:  

Get SALT Encoding   

  12  0:02  Probe (Chrono Boost)  
  13  0:12  Probe (Chrono Boost)  
  14  0:21  Pylon  
  14  0:25  Probe (Chrono Boost)  
  15  0:40  Gateway, Probe (Chrono Boost)  
  16  0:48  Pylon  
  16  0:50  Probe (Chrono Boost)  
  17  1:01  Probe (Chrono Boost)  
  17  1:02  Assimilator  
  18  1:04  Assimilator  
  18  1:12  Probe (Chrono Boost)  
  19  1:22  Probe (Chrono Boost)  
  20  1:36  Cybernetics Core  
  20  1:39  Gateway  
  20  1:44  Probe (Chrono Boost)  
  21  1:55  Probe (Chrono Boost)  
  22  2:06  Probe (Chrono Boost)  
  23  2:10  Nexus  
  23  2:14  Warp Gate  
  23  2:25  Robotics Facility  
  23  2:32  Probe (Chrono Boost)  
  23  2:42  Stalker  
  23  2:43  Probe (Chrono Boost)  
  26  2:45  Stalker  
  28  2:53  Probe (Chrono Boost)  
  29  3:08  Twilight Council  
  29  3:09  Pylon  
  29  3:12  Probe (Chrono Boost)  
  30  3:23  Probe (Chrono Boost)  
  30  3:25  Probe (Chrono Boost)  
  32  3:33  Probe (Chrono Boost)  
  33  3:35  Probe (Chrono Boost)  
  33  3:39  Stalker  
  33  3:40  Stalker  
  38  3:45  Probe (Chrono Boost)  
  38  3:46  Probe (Chrono Boost)  
  40  3:54  Pylon  
  40  3:58  Pylon  
  40  4:03  Probe x2 (Chrono Boost)  
  42  4:15  Dark Shrine  
  42  4:16  Mothership Core (Chrono Boost), Assimilator  
  45  4:17  Probe (Chrono Boost)  
  45  4:22  Assimilator  
  45  4:27  Probe (Chrono Boost)  
  46  4:37  Immortal  
  42  4:57  Gateway  
  42  4:58  Gateway x2  
  42  5:05  Pylon  
  38  5:15  Adept x2  
  42  5:31  Probe (Chrono Boost)  
  42  5:35  Warp Prism  
  45  5:42  Probe (Chrono Boost)  
  46  5:48  Stalker x2  
  44  6:47  Dark Templar x3  
  44  6:48  Dark Templar x2  
  54  7:11  Nexus  
  50  7:44  Dark Templar x2  
  50  7:47  Probe (Chrono Boost)  
  55  7:57  Probe (Chrono Boost)  
  46  8:08  Probe (Chrono Boost)  
  47  8:18  Probe (Chrono Boost)  
  44  8:26  Probe (Chrono Boost)  
  45  8:29  Probe (Chrono Boost)  
  42  8:34  Gateway  
  42  8:35  Gateway  
  42  8:38  Forge  
  42  8:46  Dark Templar x3  
  48  9:01  Robotics Bay  
  48  9:07  Probe (Chrono Boost)  
  49  9:15  Nexus  
  49  9:33  Dark Templar x3  
  55  10:11  Probe x2 (Chrono Boost)  
  58  10:21  Probe x2 (Chrono Boost)  
  58  10:25  Stalker  
  58  10:26  Stalker x6  
  73  10:30  Pylon  
  73  10:32  Pylon, Probe x2 (Chrono Boost)  
Show
View Real Time Build Order
Export as new Build Order

Dallinger Terran - Winner!

Build Orders: MMM Bio 

Get SALT Encoding   

  12  0:02  SCV  
  14  0:14  SCV  
  14  0:22  Supply Depot  
  14  0:26  SCV  
  15  0:43  SCV  
  16  0:53  Refinery  
  16  0:55  SCV, Barracks  
  17  1:07  SCV  
  18  1:17  Refinery  
  18  1:20  SCV  
  19  1:32  SCV  
  20  1:44  Orbital Command  
  20  1:46  Supply Depot  
  20  1:49  Barracks Reactor  
  20  1:54  Engineering Bay  
  20  2:09  Barracks  
  20  2:10  SCV  
  20  2:12  Barracks  
  21  2:22  SCV  
  22  2:26  Factory  
  22  2:36  Marine x2  
  24  2:43  SCV  
  25  2:48  Supply Depot  
  25  2:55  SCV  
  25  2:56  Supply Depot  
  25  2:57  Barracks Tech Lab  
  26  3:01  Barracks Reactor  
  26  3:08  Terran Infantry Weapons Level 1  
  26  3:17  Starport  
  26  3:19  Factory Reactor  
  26  3:27  Stimpack  
  26  3:41  Supply Depot  
  26  3:48  Marine x5  
  29  3:58  Missile Turret  
  29  4:11  Medivac x2  
  31  4:28  Marine x5  
  33  4:51  Marine x5  
  38  5:02  Terran Infantry Armor Level 1  
  38  5:03  Bunker  
  38  5:09  Marine x5  
  43  5:26  Marine  
  43  5:27  Marine x4  
  43  5:28  Combat Shields  
  47  5:47  Marine x5  
  47  5:48  Medivac  
  54  5:57  Supply Depot  
  54  6:13  Medivac  
  42  6:42  Marine  
  42  6:43  Marine x4  
  42  6:44  Medivac x2  
  40  7:00  Marine x3  
  40  7:01  Marine  
  44  7:03  Marine  
  45  7:18  Marine x3  
  45  7:42  Marine x5  
  50  7:47  Command Center  
  49  8:10  Marine x4  
  49  8:11  Marine  
  39  8:44  Marine  
  39  8:45  Marauder, Marine x3  
  45  8:55  Armory  
  45  8:56  Supply Depot  
  45  9:00  Orbital Command  
  45  9:02  Marine x2  
  47  9:36  Marine x5  
  52  9:52  Command Center  
  46  10:03  Marine  
  46  10:04  Marauder, Marine x3  
  46  10:05  Factory Tech Lab  
  52  10:12  Barracks  
  52  10:13  Barracks  
  52  10:17  SCV x2  
  52  10:21  Medivac x2, Refinery, Marine  
  54  10:22  Refinery  
  59  10:29  SCV x2  
Tags
 
Add a new tag
Caveats
  • Supply blocks, unpowered buildings, or Contaminate may cause inaccurate times.
  • Supply counts are checked every 10 seconds.